APL (24 & UNDER)
SCOTTSDALE SCORPIONS @ KENOSHA KINGFISH
06/01/2026
 
TOP OF THE 1ST
Scottsdale Scorpions batting - Pitching for Kenosha Kingfish : RHP Anastasio Cervantes
Pitching: RHP Anastasio Cervantes
Batting: RHB Doug Delaney 0-0: Called Strike
0-1: Called Strike
0-2: Strikes out swinging
Batting: LHB Claudio Rodríguez 0-0: Called Strike
0-1: Ball
1-1: Foul Ball, location: 2F
1-2: Hit by Pitch
Batting: SHB William Daly 0-0: Called Strike
0-1: Ball
1-1: Foul Ball, location: 2F
1-2: Ball
2-2: Ball
3-2: Foul Ball, location: 2F
3-2: Grounds into double play, 4-6-3 (Groundball, 4)
Top of the 1st over - 0 run(s), 0 hit(s), 0 error(s), 0 left on base; Scottsdale 0 - Kenosha 0
BOTTOM OF THE 1ST
Kenosha Kingfish batting - Pitching for Scottsdale Scorpions : RHP Curt Watkins
Pitching: RHP Curt Watkins
Batting: RHB Manuel Gómez 0-0: Ball
1-0: Foul Ball, location: 2F
1-1: Swinging Strike
1-2: Foul Ball, location: 2F
1-2: Strikes out looking
Batting: SHB Alfonso Escasán 0-0: Ball
1-0: Called Strike
1-1: Foul Ball, location: 2F
1-2: Ball
2-2: Foul Ball, location: 2F
2-2: Strikes out swinging
Batting: RHB Francisco Martínez 0-0: Ball
1-0: Ball
2-0: Called Strike
2-1: Called Strike
2-2: SINGLE (Line Drive, 89S)
Batting: LHB Richard Brooks 0-0: Fly out, F7 (Flyball, 78M)
Bottom of the 1st over - 0 run(s), 1 hit(s), 0 error(s), 1 left on base; Scottsdale 0 - Kenosha 0
TOP OF THE 2ND
Scottsdale Scorpions batting - Pitching for Kenosha Kingfish : RHP Anastasio Cervantes
Batting: RHB Gary Thomas 0-0: Ball
1-0: Ball
2-0: Ball
3-0: Called Strike
3-1: SINGLE (Line Drive, 6MD)
Batting: RHB Jeff Bane 0-0: Ball
1-0: Ground out 2-3 (Groundball, 25)
Gary Thomas to second
Batting: RHB Sergio Domínguez 0-0: Foul Ball, location: 2F
0-1: Swinging Strike
0-2: Ball
1-2: Strikes out swinging
Batting: RHB Steve Baird 0-0: Called Strike
0-1: Ball
1-1: Ball
2-1: Swinging Strike
2-2: Ball
3-2: Strikes out swinging
Top of the 2nd over - 0 run(s), 1 hit(s), 0 error(s), 1 left on base; Scottsdale 0 - Kenosha 0
BOTTOM OF THE 2ND
Kenosha Kingfish batting - Pitching for Scottsdale Scorpions : RHP Curt Watkins
Batting: RHB Matt Rodríguez 0-0: Called Strike
0-1: Ball
1-1: Ball
2-1: Swinging Strike
2-2: Ball
3-2: Foul Ball, location: 2F
3-2: Base on Balls
Batting: SHB Júlio Valentín 0-0: Ball
1-0: Ball
2-0: Foul Ball, location: 2F
2-1: Foul Ball, location: 2F
2-2: Ground out U3 (Groundball, 3S)
Matt Rodríguez to second
Batting: SHB Devin Smith 0-0: Ball
1-0: Ball
2-0: Foul Ball, location: 2F
2-1: Fly out, F8 (Flyball, 8RM)
Batting: RHB Sergio Mata 0-0: Ball
1-0: Ball
2-0: Ground out 6-3 (Groundball, 6)
Bottom of the 2nd over - 0 run(s), 0 hit(s), 0 error(s), 1 left on base; Scottsdale 0 - Kenosha 0
TOP OF THE 3RD
Scottsdale Scorpions batting - Pitching for Kenosha Kingfish : RHP Anastasio Cervantes
Batting: LHB José Garza 0-0: Called Strike
0-1: DOUBLE (Flyball, 7LM)
Batting: RHB David Suarze 0-0: Called Strike
0-1: Ball
1-1: Called Strike
1-2: Fly out, F8 (Flyball, 8LM)
Batting: RHB Doug Delaney 0-0: Called Strike
0-1: Called Strike
0-2: Ball
1-2: Strikes out swinging
Batting: LHB Claudio Rodríguez 0-0: Foul Ball, location: 2F
0-1: Ball
1-1: Swinging Strike
1-2: Ball
2-2: Foul Ball, location: 2F
2-2: Fly out, F8 (Flyball, 8LM)
Top of the 3rd over - 0 run(s), 1 hit(s), 0 error(s), 1 left on base; Scottsdale 0 - Kenosha 0
BOTTOM OF THE 3RD
Kenosha Kingfish batting - Pitching for Scottsdale Scorpions : RHP Curt Watkins
Batting: RHB Tommy Davenport 0-0: Called Strike
0-1: Ball
1-1: Ball
2-1: Swinging Strike
2-2: Foul Ball, location: 2F
2-2: Strikes out looking
Batting: RHB Manuel Gómez 0-0: Ball
1-0: Foul Ball, location: 2F
1-1: Ball
2-1: Ball
3-1: Base on Balls
Batting: SHB Alfonso Escasán 0-0: Ball
1-0: Grounds into double play, 4-6-3 (Groundball, 4)
Bottom of the 3rd over - 0 run(s), 0 hit(s), 0 error(s), 0 left on base; Scottsdale 0 - Kenosha 0
TOP OF THE 4TH
Scottsdale Scorpions batting - Pitching for Kenosha Kingfish : RHP Anastasio Cervantes
Batting: SHB William Daly 0-0: Called Strike
0-1: Ball
1-1: SINGLE (Line Drive, 7S)
Batting: RHB Gary Thomas 0-0: Ball
1-0: Fly out, F6 (Line Drive, 6)
Batting: RHB Jeff Bane 0-0: Grounds into double play, 5-4-3 (Groundball, 56)
Top of the 4th over - 0 run(s), 1 hit(s), 0 error(s), 0 left on base; Scottsdale 0 - Kenosha 0
BOTTOM OF THE 4TH
Kenosha Kingfish batting - Pitching for Scottsdale Scorpions : RHP Curt Watkins
Batting: RHB Francisco Martínez 0-0: Ball
1-0: Foul Ball, location: 2F
1-1: Foul Ball, location: 2F
1-2: Foul Ball, location: 2F
1-2: Foul Ball, location: 2F
1-2: Strikes out looking
Batting: LHB Richard Brooks 0-0: Ball
1-0: Swinging Strike
1-1: Foul Ball, location: 2F
1-2: Ball
2-2: Ball
3-2: Hit by Pitch
Batting: RHB Matt Rodríguez 0-0: Ball
1-0: Ball
2-0: Ball
3-0: Called Strike
3-1: Fly out, F4 (Line Drive, 4M)
Batting: SHB Júlio Valentín 0-0: Ball
1-0: Called Strike
1-1: Foul Ball, location: 2F
1-2: Ground out U3 (Groundball, 3L)
Bottom of the 4th over - 0 run(s), 0 hit(s), 0 error(s), 1 left on base; Scottsdale 0 - Kenosha 0
TOP OF THE 5TH
Scottsdale Scorpions batting - Pitching for Kenosha Kingfish : RHP Anastasio Cervantes
Batting: RHB Sergio Domínguez 0-0: Swinging Strike
0-1: Ground out 4-3 (Groundball, 4)
Batting: RHB Steve Baird 0-0: Foul Ball, location: 2F
0-1: Swinging Strike
0-2: Ground out 6-3 (Groundball, 6)
Batting: LHB José Garza 0-0: Ball
1-0: SINGLE (Groundball, 5S) (infield hit)
Batting: RHB David Suarze 0-0: SINGLE (Line Drive, 78S)
José Garza to second
Batting: RHB Doug Delaney 0-0: Ball
1-0: Foul Ball, location: 2F
1-1: Foul Ball, location: 2F
1-2: Ball
2-2: SINGLE (Groundball, 4MD)
José Garza to third
David Suarze to second
Runner from 3rd tries for Home, SAFE, no throw or cutoff
Batting: LHB Claudio Rodríguez 0-0: Ball
1-0: Foul Ball, location: 2F
1-1: Foul Ball, location: 2F
1-2: Fly out, F7 (Flyball, 7M)
Top of the 5th over - 1 run(s), 3 hit(s), 0 error(s), 2 left on base; Scottsdale 1 - Kenosha 0
BOTTOM OF THE 5TH
Kenosha Kingfish batting - Pitching for Scottsdale Scorpions : RHP Curt Watkins
Batting: SHB Devin Smith 0-0: Ball
1-0: Ball
2-0: Foul Ball, location: 2F
2-1: Swinging Strike
2-2: SINGLE (Line Drive, 6MD)
Batting: RHB Sergio Mata 0-0: Called Strike
0-1: Ball
1-1: Called Strike
1-2: Ball
2-2: Fly out, F7 (Line Drive, 7M)
Batting: RHB Tommy Davenport 0-0: Ball
1-0: Foul Ball, location: 2F
1-1: Swinging Strike
1-2: Ball
Devin Smith steals 2nd base
2-2: Foul Ball, location: 2F
2-2: Ball
3-2: Strikes out swinging
Pitching: RHP Alejandro Guzmán
Batting: RHB Manuel Gómez 0-0: Ball
1-0: SINGLE (Flyball, 7LM)
Devin Smith to third
Runner from 3rd tries for Home, SAFE, no throw or cutoff
Batting: SHB Alfonso Escasán 0-0: Ball
Manuel Gómez is caught stealing 2nd base
Bottom of the 5th over - 1 run(s), 2 hit(s), 0 error(s), 0 left on base; Scottsdale 1 - Kenosha 1
TOP OF THE 6TH
Scottsdale Scorpions batting - Pitching for Kenosha Kingfish : RHP Anastasio Cervantes
Batting: SHB William Daly 0-0: Called Strike
0-1: Ground out 1-3 (Groundball, 25)
Batting: RHB Gary Thomas 0-0: Called Strike
0-1: Swinging Strike
0-2: Fly out, F8 (Flyball, 8LXD)
Batting: RHB Jeff Bane 0-0: Foul Ball, location: 2F
0-1: Ball
1-1: Called Strike
1-2: Fly out, F8 (Flyball, 8RM)
Top of the 6th over - 0 run(s), 0 hit(s), 0 error(s), 0 left on base; Scottsdale 1 - Kenosha 1
BOTTOM OF THE 6TH
Kenosha Kingfish batting - Pitching for Scottsdale Scorpions : RHP Alejandro Guzmán
Batting: SHB Alfonso Escasán 0-0: Foul Ball, location: 2F
0-1: Ground out 4-3 (Groundball, 4)
Batting: RHB Francisco Martínez 0-0: Ball
1-0: Foul Ball, location: 2F
1-1: Ball
2-1: Ball
3-1: Base on Balls
Batting: LHB Richard Brooks 0-0: Ball
1-0: DOUBLE (Line Drive, 7LS)
Francisco Martínez to third
Batting: RHB Matt Rodríguez 0-0: Ball
1-0: Swinging Strike
1-1: Ball
2-1: Ball
3-1: Called Strike
3-2: Base on Balls
Batting: SHB Júlio Valentín 0-0: Ball
1-0: Fly out, F8 (Flyball, 8RXD)
Runner from 3rd tags up, SCORES, no throw
Richard Brooks to third
Batting: SHB Devin Smith 0-0: Ball
1-0: Ball
2-0: Fly out, F7 (Popup, 5D)
Bottom of the 6th over - 1 run(s), 1 hit(s), 0 error(s), 2 left on base; Scottsdale 1 - Kenosha 2
TOP OF THE 7TH
Scottsdale Scorpions batting - Pitching for Kenosha Kingfish : RHP Anastasio Cervantes
Batting: RHB Sergio Domínguez 0-0: Ball
1-0: Ball
2-0: Called Strike
2-1: Swinging Strike
2-2: SINGLE (Line Drive, 6D)
Pinch Hitting: RHB Geomar Dalsoglio 0-0: Foul Ball, location: 2F
0-1: Foul Ball, location: 2F
0-2: Strikes out swinging
Pitching: LHP Nick Clayton
Pinch Hitting: RHB Ricardo Gutiérrez 0-0: Foul Ball, location: 2F
0-1: SINGLE (Line Drive, 6MD)
Sergio Domínguez to second
Batting: RHB David Suarze 0-0: Ball
1-0: 3-RUN HOME RUN (Flyball, 7D), Distance : 388 ft
Batting: RHB Doug Delaney 0-0: Ball
1-0: Ball
2-0: Ball
3-0: Base on Balls
Batting: LHB Claudio Rodríguez 0-0: Ball
1-0: Ball
Wild Pitch!
Doug Delaney to second
2-0: Intentional Walk
Batting: SHB William Daly 0-0: Foul Ball, location: 2F
0-1: Foul Ball, location: 2F
0-2: Strikes out swinging
Batting: RHB Gary Thomas 0-0: Called Strike
Claudio Rodríguez steals 2nd base
Doug Delaney to third
0-1: SINGLE (Line Drive, 4MD)
Doug Delaney scores
Claudio Rodríguez to third
Runner from 3rd tries for Home, SAFE, no throw or cutoff
Pitching: RHP Paul Pothecary
Batting: RHB Jeff Bane 0-0: Ball
1-0: Called Strike
1-1: Ball
2-1: Called Strike
2-2: SINGLE (Line Drive, 6D)
Gary Thomas to second
Batting: RHB Sergio Domínguez 0-0: Called Strike
0-1: Called Strike
0-2: Strikes out swinging
Top of the 7th over - 5 run(s), 5 hit(s), 0 error(s), 2 left on base; Scottsdale 6 - Kenosha 2
BOTTOM OF THE 7TH
Kenosha Kingfish batting - Pitching for Scottsdale Scorpions : RHP Alejandro Guzmán
Now at SS: Geomar Dalsoglio
Now in LF: Ricardo Gutiérrez
Batting: RHB Sergio Mata 0-0: Called Strike
0-1: Ball
1-1: Foul Ball, location: 2F
1-2: Fly out, F6 (Popup, 78S)
Batting: RHB Tommy Davenport 0-0: SINGLE (Line Drive, 78M)
Batting: RHB Manuel Gómez 0-0: Ball
1-0: Ball
2-0: SINGLE (Groundball, 56D)
Tommy Davenport to second
Batting: SHB Alfonso Escasán 0-0: Ball
1-0: DOUBLE (Groundball, 3L)
Tommy Davenport scores
Manuel Gómez to third
Runner from 3rd tries for Home, SAFE, no throw or cutoff
Pitching: RHP Julian Corbitt
Batting: RHB Francisco Martínez 0-0: Ball
1-0: Ball
2-0: Ball
3-0: Called Strike
3-1: Base on Balls
Batting: LHB Richard Brooks 0-0: Ball
1-0: DOUBLE (Flyball, 78XD)
Alfonso Escasán scores
Francisco Martínez to third
Runner from 3rd tries for Home, SAFE, throw made at trailing runner, OUT at third!
Batting: RHB Matt Rodríguez 0-0: Ball
1-0: Ball
2-0: Called Strike
2-1: Ball
3-1: Called Strike
3-2: Strikes out swinging, 2-3 out at first.
Bottom of the 7th over - 4 run(s), 4 hit(s), 0 error(s), 0 left on base; Scottsdale 6 - Kenosha 6
TOP OF THE 8TH
Scottsdale Scorpions batting - Pitching for Kenosha Kingfish : RHP Paul Pothecary
Pinch Hitting: SHB Ralph Robison 0-0: Ball
1-0: Called Strike
1-1: Ball
2-1: Called Strike
2-2: Ball
3-2: Base on Balls
Pinch Runner at 1st Lúcio Ramírez:
Batting: RHB Ricardo Gutiérrez 0-0: Ball
1-0: Ball
2-0: Ball
3-0: Called Strike
3-1: Sac Bunt - play at first, batter OUT! 1-4
Lúcio Ramírez to second
Batting: RHB David Suarze 0-0: Foul Ball, location: 2F
0-1: Ball
1-1: Ball
2-1: Foul Ball, location: 2F
2-2: Ball
3-2: Ground out 1-3 (Groundball, 15)
Batting: RHB Doug Delaney 0-0: Foul Ball, location: 2F
0-1: Ball
1-1: Foul Ball, location: 2F
1-2: Fly out, F9 (Line Drive, 9M)
Top of the 8th over - 0 run(s), 0 hit(s), 0 error(s), 1 left on base; Scottsdale 6 - Kenosha 6
BOTTOM OF THE 8TH
Kenosha Kingfish batting - Pitching for Scottsdale Scorpions : RHP Julian Corbitt
Now at SS: Lúcio Ramírez
Batting: SHB Júlio Valentín 0-0: Ball
1-0: Ball
2-0: Called Strike
2-1: Fly out, F8 (Line Drive, 89D)
Pinch Hitting: LHB Miguel Flores 0-0: Called Strike
0-1: Ball
1-1: Called Strike
1-2: Hit by Pitch
Pinch Runner at 1st Esteban Ayala:
Pinch Hitting: LHB Davey Casey 0-0: Ball
1-0: Ball
2-0: Fly out, F4 (Line Drive, 4)
Pinch Hitting: RHB José Vargas 0-0: Foul Ball, location: 2F
0-1: Foul Ball, location: 2F
0-2: Ball
1-2: Ball
Esteban Ayala steals 2nd base
2-2: Ball
3-2: Strikes out swinging
Bottom of the 8th over - 0 run(s), 0 hit(s), 0 error(s), 1 left on base; Scottsdale 6 - Kenosha 6
TOP OF THE 9TH
Scottsdale Scorpions batting - Pitching for Kenosha Kingfish : RHP Paul Pothecary
Pitching: RHP Edwin Manning
Now at 1B: Doug Lutz
Now at SS: Esteban Ayala
Now in LF: José Vargas
Batting: LHB Claudio Rodríguez 0-0: Called Strike
0-1: Called Strike
0-2: Ball
1-2: Ball
2-2: Strikes out swinging
Batting: SHB William Daly 0-0: Called Strike
0-1: Ball
1-1: Ball
2-1: Called Strike
2-2: Ball
3-2: Foul Ball, location: 2F
3-2: Ground out 4-3 (Groundball, 4)
Batting: RHB Gary Thomas 0-0: Ball
1-0: Foul Ball, location: 2F
1-1: Ball
2-1: Ground out 6-3 (Groundball, 56)
Top of the 9th over - 0 run(s), 0 hit(s), 0 error(s), 0 left on base; Scottsdale 6 - Kenosha 6
BOTTOM OF THE 9TH
Kenosha Kingfish batting - Pitching for Scottsdale Scorpions : RHP Julian Corbitt
Pitching: RHP Jesús Ramírez
Batting: RHB Manuel Gómez 0-0: Ball
1-0: Ball
2-0: Called Strike
2-1: Foul Ball, location: 2F
2-2: Ball
3-2: Foul Ball, location: 2F
3-2: Strikes out swinging
Batting: SHB Alfonso Escasán 0-0: Called Strike
0-1: Ball
1-1: Ball
2-1: Ball
3-1: Base on Balls
Batting: RHB Francisco Martínez 0-0: Fielders Choice at 2nd, 2-4 (Groundball, 2R)
Batting: LHB Richard Brooks 0-0: Called Strike
0-1: Ground out 4-3 (Groundball, 4)
Bottom of the 9th over - 0 run(s), 0 hit(s), 0 error(s), 1 left on base; Scottsdale 6 - Kenosha 6
TOP OF THE 10TH
Scottsdale Scorpions batting - Pitching for Kenosha Kingfish : RHP Edwin Manning
Batting: RHB Jeff Bane 0-0: Fly out, F9 (Flyball, 9M)
Batting: RHB Sergio Domínguez 0-0: Swinging Strike
0-1: SINGLE (Line Drive, 9S)
Batting: RHB Lúcio Ramírez 0-0: Ball
1-0: Called Strike
1-1: Ball
2-1: Ball
3-1: Called Strike
3-2: Base on Balls
Sergio Domínguez to second
Pinch Hitting: SHB Juan Gonzáles 0-0: Fly out, F3 (Popup, 2L)
Batting: RHB David Suarze 0-0: Called Strike
0-1: Ball
1-1: Ball
2-1: Ball
3-1: Foul Ball, location: 2F
3-2: Foul Ball, location: 2F
3-2: Strikes out looking
Top of the 10th over - 0 run(s), 1 hit(s), 0 error(s), 2 left on base; Scottsdale 6 - Kenosha 6
BOTTOM OF THE 10TH
Kenosha Kingfish batting - Pitching for Scottsdale Scorpions : RHP Jesús Ramírez
Now at 3B: Juan Gonzáles
Batting: RHB Matt Rodríguez 0-0: Ball
1-0: Ball
Single, Error in OF, E7, batter to second base
Batting: SHB Júlio Valentín 0-0: Ball
1-0: Ball
2-0: Fly out, F8 (Flyball, 78M)
Batting: RHB Esteban Ayala 0-0: Intentional Walk
Pinch Runner at 2nd Don Anthony:
Pinch Hitting: SHB John Beach 0-0: Called Strike
0-1: Called Strike
0-2: Ball
1-2: SINGLE (Groundball, 34D)
Don Anthony to third
Esteban Ayala to second
Runner from 3rd tries for Home, SAFE, no throw or cutoff
Monday, December 5th, 2016 - OOTP Baseball 17.12 Build 75